AoeStats
← silence

Black Forest

504988222Analyzed
4v4 RM · 25d ago on Sep 7, 2026· 34m 58s· 8 players
Game mode
Random Map
Map size
Large (8 player)
Population
200
Speed
Normal
Resources
Standard
Victory
Conquest
Starting age
Dark Age
Ending age
Imperial Age
RankedLock teamsTeams togetherTeam positionsShared explorationLock speedFull tech treeHidden civsTurbo modeCheats
Victory
Defeat
1366
+13
🇨🇳 Maya · China
1357
+28
🇨🇳 Celts · China
1331
+15
🇨🇳 Japanese · China
1149
+23
🇹🇼 Turks · Taiwan
1341
-18
🇹🇼 Persians · Taiwan
1322
-17
🇩🇪 Portuguese · Germany
1267
-15
🇳🇴 Slavs · Norway
1265
-15
silence
0:25 Loom
13:49 Feudal Age
14:44 Double-Bit Axe
15:37 Horse Collar
16:29 Fletching
18:20 Scale Mail Armor
24:56 Castle Age
27:17 Gold Mining
32:40 Bodkin Arrow
35:04 Wheelbarrow
34:45 Bow Saw
超级地球の守护者
11:22 Feudal Age
15:01 Castle Age
14:06 Horse Collar
14:20 Double-Bit Axe
16:33 Wheelbarrow
19:41 Loom
21:04 Hand Cart
22:48 Bow Saw
23:52 Gold Mining
25:38 Scale Barding Armor
25:43 Forging
26:39 Chain Barding Armor
26:56 Ballistics
26:37 Man-at-Arms
27:47 Husbandry
28:25 Iron Casting
29:29 Gold Shaft Mining
31:32 Imperial Age
30:34 Long Swordsman
31:00 Gambesons
31:01 Arson
31:14 Treadmill Crane
32:57 Conscription
32:49 Furor Celtica
32:45 Stone Mining
32:20 Two-Handed Swordsman
32:25 Capped Ram
32:28 Heavy Scorpion
33:39 Siege Ram
36:16 Blast Furnace
35:17 Scale Mail Armor
偷猪的简笔
10:29 Feudal Age
11:08 Double-Bit Axe
14:02 Castle Age
11:54 Horse Collar
16:07 Bow Saw
18:39 Wheelbarrow
22:56 Hand Cart
23:20 Gold Mining
27:41 Imperial Age
25:22 Treadmill Crane
26:01 Loom
27:22 Pikeman
28:25 Heavy Plow
27:54 Capped Ram
28:52 Siege Engineers
29:48 Chemistry
29:17 Furor Celtica
29:01 Siege Ram
30:03 Halberdier
31:19 Scale Mail Armor
31:30 Forging
31:06 Gambesons
31:07 Arson
32:16 Chain Mail Armor
33:18 Conscription
34:29 Iron Casting
34:25 Plate Mail Armor
The_Centaur
0:34 Loom
9:41 Feudal Age
9:44 Man-at-Arms
10:29 Arson
18:34 Double-Bit Axe
20:13 Horse Collar
23:39 Castle Age
22:45 Gold Mining
23:27 Scale Mail Armor
24:06 Town Watch
24:56 Wheelbarrow
24:52 Chain Mail Armor
27:41 Gold Shaft Mining
34:43 Bow Saw
心態調整師
10:27 Feudal Age
12:13 Loom
12:45 Double-Bit Axe
15:22 Castle Age
13:35 Horse Collar
25:00 Wheelbarrow
24:33 Town Watch
27:02 Heavy Plow
27:37 Hand Cart
28:52 Gold Mining
29:06 Light Cavalry
32:27 Imperial Age
30:12 Bloodlines
30:11 Scale Barding Armor
30:17 Forging
31:09 Husbandry
32:05 Chain Barding Armor
Globox
10:38 Feudal Age
15:12 Castle Age
14:33 Double-Bit Axe
14:29 Horse Collar
16:07 Bow Saw
15:59 Heavy Plow
22:53 Loom
31:09 Wheelbarrow
32:42 Hand Cart
34:52 Detinets
聽話 讓我看看
11:15 Feudal Age
12:30 Double-Bit Axe
14:35 Loom
16:00 Horse Collar
21:47 Castle Age
22:56 Bow Saw
22:49 Heavy Plow
24:58 Wheelbarrow
24:27 Town Watch
26:45 Gold Mining
30:52 Imperial Age
31:44 Imperial Age
30:22 Hand Cart
33:56 Imperial Age
33:24 Sanctity
35:50 Imperial Age
Skipper
2:06 Loom
11:43 Feudal Age
12:08 Horse Collar
12:14 Double-Bit Axe
18:27 Castle Age
17:30 Stone Mining
18:25 Gold Mining
23:58 Bow Saw
30:30 Imperial Age
30:04 Fletching
32:16 Chemistry
34:42 Wheelbarrow
Connection lost

Rejoining the realm…

Still unreachable

The connection could not be restored.

Session expired

The server has moved on; the page needs a fresh start.